 Dungeon Crawl Stone Soup version 0.29.1-2-gbd0b4ee654 (webtiles) character file.

Game seed: 4440939649551719798

209 DemonSlayer the Firebug (level 5, -3/35 HPs)
             Began as a Demonspawn Fire Elementalist on Oct 31, 2022.
             Slain by Crazy Yiuf
             ... wielding a +3 quarterstaff of chaos
              (20 damage)
             ... on level 2 of the Dungeon.
             The game lasted 00:03:43 (2378 turns).

DemonSlayer the Firebug (DsFE)                      Turns: 2378, Time: 00:03:44

Health: -3/35      AC:  4    Str:  8    XL:     5   Next: 55%
Magic:  10/10      EV: 12    Int: 18    God:
Gold:   89         SH:  0    Dex: 14    Spells: 10/11 levels left

rFire   . . .      SeeInvis .   b - +0 spear
rCold   . . .      Faith    .   (no shield)
rNeg    . . .      Spirit   .   a - +0 robe
rPois   .          Reflect  .   (no helmet)
rElec   .          Harm     .   (no cloak)
rCorr   .          Rampage  .   (no gloves)
Will    .....                   (no boots)
Stlth   ++........              (no amulet)
HPRegen 0.11/turn               (no ring)
MPRegen 0.12/turn               (no ring)

@: no status effects
A: thin metallic scales 1, powered by death 2
a: no special abilities


You were on level 2 of the Dungeon.
You visited 1 branch of the dungeon, and saw 2 of its levels.

You collected 89 gold pieces.

Inventory:

Hand Weapons
 b - a +0 spear (weapon)
Armour
 a - a +0 robe (worn)
Jewellery
 j - an amulet of the acrobat
Scrolls
 c - 2 scrolls of noise {unknown}
 d - a scroll of enchant weapon {unknown}
 e - 2 scrolls of teleportation {unknown}
 f - 3 scrolls of identify {unknown}
 h - a scroll of summoning {unknown}
Potions
 g - a potion of invisibility {unknown}
 i - a potion of degeneration {unknown}


   Skills:
 + Level 0.1 Fighting
 + Level 2.0 Dodging
 + Level 2.2 Stealth
 + Level 3.6 Spellcasting
 + Level 2.6 Conjurations
 + Level 3.8 Fire Magic


You had 10 spell levels left.
You knew the following spells:

 Your Spells              Type           Power      Damage    Failure   Level
a - Foxfire               Conj/Fire      60%        2x1d7     4%          1

Your spell library contained the following spells:

 Spells                   Type           Power      Damage    Failure   Level
 Scorch                   Fire           34%        2d6       4%          2
 Conjure Flame            Conj/Fire      15%        6-21      12%         3
 Inner Flame              Hex/Fire       10%        N/A       21%         3
 Flame Wave               Conj/Fire      15%        2d7       36%         4


Dungeon Overview and Level Annotations

Branches:
Dungeon (2/15)

Altars:

Annotations:
D:2 Crazy Yiuf


Innate Abilities, Weirdness & Mutations

You are partially covered in thin metallic scales. (AC +2)
You regenerate health from kills.


Message History

You see here a worm corpse.
Found a hammer.
Found two hammers.
Found a stone staircase leading up.
Found two hammers.
Found a hammer.
No target in view!
Found two hammers.
Found two hammers.
You see here a +0 hammer.
You see here a +0 hammer.
Found a hammer.
You see here a +0 hammer.
You see here a +0 hammer.
You see here a +2 hammer of holy wrath.
You see here a +0 hammer.
Found a hammer.
Found a runed translucent door.
You see here a +2 hammer of holy wrath.
Crazy Yiuf shouts!
You see here a +2 hammer of holy wrath.
You see here a +0 hammer.
You see here a +0 hammer.
You see here a +0 hammer.
You see here a +0 hammer.
You see here a +0 hammer.
Key pressed, stopping explore.
Could not explore, unopened runed door.
Could not explore, unopened runed door.
You open the door. Crazy Yiuf attacks as you move away!
Crazy Yiuf hits you with a +3 quarterstaff of chaos.
You resist with some effort. Crazy Yiuf attacks as you move away!
Crazy Yiuf barely misses you.
Crazy Yiuf whimpers, "Tosser!
Fire arga dark."
You see here a +0 hammer.
Crazy Yiuf attacks as you move away!
Crazy Yiuf hits you with a +3 quarterstaff of chaos!
You are electrocuted!!
Ouch! That really hurt!
You die...

##### # ######...##
########......).)##
.........#####))))#
######.### #+..+# #
####.#### #))))#
###.......# ##)@.#
.##.##.##<# ##g##
.##.##.##.# ##.#
.##.##..#.# #.##
.##.###.#.# ##.#
....###.#.# #.##
.##.......# #'#
.##.#.#.#.# ...
.##.#.#.#.# #...#


You could see Crazy Yiuf.

Vanquished Creatures
  Sigmund (D:2)
  An adder (D:2)
  4 worms (D:2)
  A ball python (D:2)
  2 endoplasms (D:1)
  A giant cockroach (D:2)
  4 hobgoblins
  3 kobolds
  A quokka (D:2)
  5 bats
  A frilled lizard (D:1)
  2 goblins (D:2)
  2 rats
28 creatures vanquished.

Vanquished Creatures (others)
  176 foxfires
176 creatures vanquished.

Grand Total: 204 creatures vanquished

Notes
Turn   | Place    | Note
-------+----------+-------------------------------------------
     0 | D:1      | DemonSlayer the Demonspawn Fire Elementalist began the
                  | quest for the Orb.
     0 | D:1      | Reached XP level 1. HP: 13/13 MP: 3/3
   621 | D:1      | Gained mutation: You regenerate a little health from kills.
                  | [demonic ancestry]
   621 | D:1      | Reached XP level 2. HP: 19/19 MP: 0/5
   728 | D:1      | You fall into a shaft and drop 1 floor!
  1437 | D:2      | Gained mutation: You are partially covered in thin metallic
                  | scales. (AC +2) [demonic ancestry]
  1437 | D:2      | Reached XP level 3. HP: 19/24 MP: 2/7
  1511 | D:2      | Noticed Sigmund
  1518 | D:2      | Killed Sigmund
  1519 | D:2      | Gained mutation: You regenerate health from kills. [demonic
                  | ancestry]
  1519 | D:2      | Reached XP level 4. HP: 30/30 MP: 0/9
  1519 | D:2      | Reached XP level 5. HP: 35/35 MP: 0/10
  1600 | D:2      | Found a faded altar of an unknown god.
  2277 | D:2      | Found a runed translucent door.
  2282 | D:2      | Noticed Crazy Yiuf
  2378 | D:2      | Slain by Crazy Yiuf

Illustrated notes

Levels and vault maps discovered:
D:1:      dpeg_arrival_simpleton_b, layout_loops_ring, minmay_pentomino_s2
D:2:      layout_loops_cross, dreamdust_ecumenical_altar_angels_and_demons,
          corner_web_ring, grunt_ministairs_2, kennysheep_generic_room_3,
          uniq_sigmund, uniq_crazy_yiuf_cottage

Skill      XL: |  1  2  3 |
---------------+----------+-----
Fire Magic     | 3 |  3.8
Stealth        | 2 |  2.2
Dodging        | 2 |  2.0
Spellcasting   | 3 |  3.6
Conjurations   | 2 |  2.6
Fighting       | |  0.1

Action                   |  1- 3 |  4- 6 || total
-------------------------+-------+-------++-------
Melee: Unarmed           |     7 |       ||     7
       Spear             |     8 |    11 ||    19
 Cast: Foxfire           |    76 |    35 ||   111
  Use: Potion            |     1 |       ||     1
 Stab: Sleeping          |       |     1 ||     1
Armor: Robe              |     5 |     4 ||     9
Dodge: Dodged            |    19 |     8 ||    27
